Map: Rhoskallian LE

Players

Darkus

  • Race: Terran Terran
  • League: Diamond
  • Spawn Location: 12:00

Philou

  • Race: Zerg Zerg
  • League: Master
  • Spawn Location: 11:00

qqq

  • Race: Zerg Zerg
  • League: Platinum
  • Spawn Location: 6:00

Massa

  • Race: Terran Terran
  • League: Platinum
  • Spawn Location: 5:00

VOD

Have the link to the VOD?

Description

Time

  • Played on: Dec. 9, 2020, 1:18 p.m.
  • Length: 16:55
Show
View Real Time Build Order
Export as new Build Order

Darkus Terran 

Build Orders: Liberator Opening 

Get SALT Encoding   

  12  0:00  SCV  
  13  0:12  SCV  
  14  0:18  Supply Depot  
  14  0:24  SCV  
  15  0:39  SCV  
  15  0:40  Barracks  
  16  0:46  Refinery  
  16  0:52  SCV  
  17  1:04  SCV  
  18  1:16  SCV  
  19  1:29  Reaper, Barracks  
  19  1:30  Orbital Command  
  20  1:35  Supply Depot  
  20  1:42  Refinery  
  20  1:56  SCV  
  20  2:01  Marine  
  22  2:09  SCV  
  22  2:10  Factory  
  23  2:17  Marine  
  23  2:19  Marine, Supply Depot  
  25  2:25  SCV  
  26  2:37  SCV  
  27  2:49  SCV  
  28  3:02  SCV, Marine  
  28  3:04  Starport, Factory Tech Lab  
  30  3:06  Engineering Bay  
  29  3:14  SCV  
  29  3:16  Marine  
  29  3:19  Marine  
  31  3:24  Siege Tank  
  31  3:26  SCV  
  31  3:27  Bunker  
  36  3:28  Supply Depot  
  36  3:35  Marine  
  36  3:37  Marine  
  38  3:48  Supply Depot  
  38  3:49  Liberator  
  38  3:52  Terran Infantry Armor Level 1  
  41  4:03  SCV  
  41  4:05  Supply Depot  
  41  4:07  Barracks Tech Lab  
  41  4:09  Siege Tank  
  45  4:12  Marine  
  46  4:26  SCV  
  46  4:27  Marine  
  46  4:28  Stimpack  
  48  4:48  SCV  
  48  4:49  Marine  
  48  4:50  Marine  
  51  4:53  Siege Tank  
  54  5:00  SCV  
  54  5:01  Command Center  
  55  5:07  Marine  
  55  5:12  SCV  
  57  5:19  Missile Turret  
  54  5:25  SCV, Missile Turret  
  54  5:26  Missile Turret  
  53  5:39  Barracks Reactor  
  53  5:40  Widow Mine  
  53  5:41  Missile Turret x2  
  55  5:44  Marine  
  55  5:47  SCV  
  57  5:50  Starport Reactor  
  57  6:08  Marine  
  58  6:16  Marine x2  
  60  6:21  Orbital Command  
  60  6:26  Marine  
  60  6:30  SCV  
  62  6:34  Medivac x2  
  62  6:35  Siege Tank  
  62  6:39  Terran Infantry Weapons Level 1  
  69  6:40  Marine x2  
  69  6:42  SCV  
  69  6:46  Barracks  
  72  6:49  Refinery, SCV  
  72  6:50  Refinery  
  72  6:53  Marine  
  74  6:54  SCV  
  74  6:58  Marine  
  76  7:02  SCV  
  76  7:06  SCV  
  78  7:10  Supply Depot  
  78  7:17  Supply Depot  
  78  7:21  SCV, Marine x3, Siege Tank  
  85  7:30  SCV  
  85  7:32  Medivac x2  
  85  7:33  Supply Depot  
  90  7:46  Marine x2  
  90  7:47  Marine  
  90  7:49  Barracks Reactor  
  90  7:51  SCV x2, Barracks, Combat Shield  
  95  7:58  Armory  
  95  8:04  Marine  
  95  8:05  SCV, Engineering Bay  
  97  8:10  Siege Tank  
  100  8:16  SCV, Marine x2  
  103  8:22  Marine  
  103  8:26  Supply Depot  
  104  8:30  Supply Depot  
  104  8:33  Marine x2  
  106  8:34  Marine x2  
  106  8:36  SCV  
  106  8:40  Marine  
  110  8:46  Sensor Tower  
  110  8:47  Barracks Reactor  
  110  8:48  SCV, Missile Turret  
  111  8:54  SCV  
  112  8:58  Terran Infantry Weapons Level 2, Supply Depot  
  112  9:03  Terran Infantry Armor Level 2  
  112  9:09  Sensor Tower  
  108  9:24  Missile Turret  
  108  9:26  Marine x3  
  111  9:40  SCV x2  
  111  9:41  Marine x4  
  111  9:44  Marine x2, Medivac  
  120  9:59  Marine x3  
  119  10:00  Marine x2  
  119  10:01  Marine  
  119  10:05  Terran Vehicle Weapons Level 1  
  123  10:08  Thor  
  129  10:24  Marine x2  
  131  10:33  Marine x3  
  134  10:39  Marine x2, Medivac x2  
  134  10:40  SCV, Supply Depot  
  134  10:41  Supply Depot  
  134  10:42  Marine  
  141  11:01  Thor  
  141  11:03  Supply Depot  
  145  11:05  Supply Depot  
  126  11:27  Marine x2  
  126  11:28  Marine x5, Medivac x2  
  133  11:44  Thor  
  139  11:53  Marine  
  139  11:54  Marine x5  
  131  12:03  Marine  
  131  12:06  Terran Infantry Weapons Level 3, Terran Infantry Armor Level 3  
  131  12:11  Marine x2  
  131  12:12  Marine x3  
  131  12:15  Supply Depot  
  118  12:25  Marine  
  118  12:26  Marine, Medivac  
  118  12:29  Marine  
  106  12:43  Marine x6  
  112  12:51  Marine  
  112  12:52  Medivac  
  112  12:56  Medivac  
  117  13:01  Marine x5  
  109  13:18  Thor  
  109  13:19  Marine x6  
  102  13:33  Orbital Command  
  102  13:36  SCV  
  102  13:37  Medivac x2  
  107  13:48  SCV  
  84  14:00  Marine  
  84  14:01  Marine x6  
  90  14:04  SCV  
  91  14:12  Refinery x2  
  91  14:15  SCV  
  92  14:18  Marine x2  
  92  14:19  SCV  
  95  14:27  SCV, Supply Depot  
  95  14:31  Marine x5  
  96  14:34  SCV  
  96  14:36  Marine  
  103  14:39  SCV  
  104  14:47  Marine  
  104  14:49  Marine x4  
  109  14:56  SCV x2, Marine x2  
  109  14:57  Medivac x2  
  117  15:05  Marine  
  118  15:08  SCV  
  118  15:09  SCV  
  120  15:19  Marine x6  
  120  15:20  Thor  
  120  15:21  SCV x2  
  134  15:27  Command Center  
  134  15:33  SCV  
  133  15:37  Marine  
  133  15:38  Marine x6  
  140  15:49  Medivac  
  142  15:50  Medivac  
  142  15:52  SCV  
  142  15:55  Marine x2  
  142  15:56  Marine  
  137  16:16  Marine x4  
  137  16:17  Marine x3  
  146  16:34  Marine  
  146  16:35  Marine x5  
  156  16:52  Starport  
  156  16:53  Starport  
  156  16:54  Fusion Core  
Show
View Real Time Build Order
Export as new Build Order

Philou Zerg 

Build Orders: Pool First 

Get SALT Encoding   

  12  0:00  Drone  
  13  0:10  Drone  
  14  0:27  Spawning Pool  
  13  0:31  Drone  
  14  0:39  Overlord  
  14  1:11  Hatchery  
  14  1:16  Queen  
  15  1:20  Drone  
  15  1:25  Drone  
  17  1:29  Drone  
  18  1:40  Extractor  
  17  1:51  Drone, Queen  
  17  1:52  Drone  
  21  2:03  Overlord  
  21  2:16  Drone  
  21  2:21  Drone  
  23  2:29  Zergling x2  
  27  2:30  Zergling x6  
  27  2:42  Drone  
  27  2:43  Drone  
  29  2:54  Metabolic Boost  
  29  3:00  Drone x4  
  33  3:10  Zergling x6  
  36  3:13  Overlord  
  36  3:14  Overlord  
  36  3:45  Drone  
  36  3:46  Drone x9  
  46  3:58  Hatchery  
  45  4:07  Lair  
  44  4:28  Drone  
  44  4:29  Drone x6  
  44  4:31  Extractor, Overlord x2  
  51  4:33  Extractor  
  49  4:48  Drone  
  49  4:49  Extractor, Drone x3  
  52  4:53  Queen  
  49  5:08  Roach Warren  
  49  5:09  Drone  
  49  5:11  Queen  
  51  5:35  Spore Crawler  
  47  6:02  Spore Crawler  
  45  6:04  Spore Crawler  
  45  6:07  Hydralisk Den  
  42  6:12  Drone  
  42  6:13  Drone x11  
  42  6:14  Drone, Spore Crawler  
  42  6:15  Drone x3  
  56  6:39  Spore Crawler  
  55  6:43  Drone, Spine Crawler  
  55  6:44  Drone x8  
  63  6:55  Hydralisk x2  
  63  6:56  Hydralisk x3  
  63  6:59  Grooved Spines, Overlord x3  
  73  7:05  Hatchery, Queen  
  74  7:14  Extractor  
  73  7:16  Extractor  
  73  7:22  Spire  
  71  7:24  Drone x2  
  71  7:26  Spore Crawler  
  69  7:42  Drone  
  69  7:43  Hydralisk  
  69  7:44  Hydralisk x8  
  72  7:45  Hydralisk x2  
  72  7:46  Drone  
  72  7:47  Drone  
  94  7:54  Queen  
  94  7:55  Overlord  
  94  7:56  Overlord  
  96  8:06  Drone  
  96  8:07  Drone  
  98  8:18  Evolution Chamber  
  98  8:19  Evolution Chamber  
  96  8:22  Spire  
  96  8:23  Infestation Pit  
  94  8:28  Evolution Chamber  
  89  8:35  Drone  
  89  8:36  Drone x15, Spore Crawler  
  89  8:41  Corruptor  
  106  8:48  Drone  
  106  8:52  Drone  
  106  8:53  Drone x3  
  111  9:00  Zerg Missile Weapons Level 1, Zerg Ground Armor Level 1, Zerg Melee Weapons Level 1  
  111  9:01  Zerg Flyer Weapons Level 1  
  111  9:07  Hive  
  111  9:18  Corruptor  
  111  9:19  Corruptor x3  
  119  9:26  Drone  
  119  9:28  Overlord  
  119  9:29  Overlord x3  
  120  9:46  Corruptor x4  
  120  9:47  Corruptor  
  130  9:58  Zerg Flyer Armor Level 1  
  130  10:14  Hatchery  
  129  10:25  Mutalisk x5  
  137  10:40  Overseer x4  
  138  10:42  Zergling x2  
  138  10:43  Zergling x28  
  152  11:02  Overlord  
  152  11:03  Overlord x4  
  144  11:29  Hydralisk x9  
  144  11:30  Hydralisk  
  144  11:31  Zergling x6  
  161  11:41  Ultralisk Cavern  
  161  11:42  Overlord, Adrenal Glands  
  161  11:43  Overlord x4  
  161  11:47  Drone, Queen  
  155  12:13  Zerg Ground Armor Level 2, Zerg Missile Weapons Level 2  
  155  12:14  Zerg Melee Weapons Level 2  
  151  12:16  Zergling x2  
  151  12:17  Zergling x22  
  163  12:24  Overseer  
  155  12:48  Zergling x2  
  155  12:49  Zergling x26  
  107  13:13  Hydralisk  
  109  13:27  Hatchery  
  109  13:29  Ultralisk x2  
  109  13:30  Ultralisk x4  
  144  14:00  Extractor  
  141  14:03  Extractor  
  141  14:07  Ultralisk x3  
  158  14:12  Drone  
  158  14:13  Drone x11  
  158  14:16  Zerg Flyer Weapons Level 2  
  168  14:41  Hydralisk  
  168  14:42  Hydralisk x9  
  168  14:45  Drone  
  189  15:00  Hatchery  
  188  15:17  Hydralisk  
  188  15:18  Hydralisk x4  
  172  15:56  Zergling x28  
  172  15:57  Zergling x12  
  169  16:07  Corruptor x3  
  169  16:08  Corruptor x2  
  159  16:20  Corruptor  
  159  16:21  Corruptor x2  
  162  16:35  Extractor  
Show
View Real Time Build Order
Export as new Build Order

qqq Zerg 

Build Orders: Hatch First 

Get SALT Encoding   

  12  0:00  Drone  
  13  0:08  Drone  
  14  0:23  Overlord  
  14  0:46  Hatchery  
  14  0:49  Drone  
  14  0:54  Drone  
  14  0:56  Drone  
  16  1:01  Drone  
  17  1:04  Extractor  
  16  1:22  Spawning Pool  
  15  1:33  Drone  
  15  1:34  Overlord  
  16  1:49  Drone x2  
  18  2:01  Drone  
  19  2:02  Drone  
  20  2:11  Queen  
  22  2:18  Lair  
  22  2:20  Drone  
  23  2:30  Drone  
  23  2:33  Overlord  
  23  2:35  Drone  
  23  2:36  Drone  
  26  2:40  Extractor  
  25  2:45  Extractor  
  25  2:49  Drone  
  25  2:50  Drone  
  26  3:04  Drone x2  
  28  3:10  Drone x3  
  31  3:16  Queen  
  33  3:23  Spire  
  33  3:25  Drone  
  33  3:27  Drone  
  34  3:37  Drone x4  
  34  3:40  Drone  
  39  4:10  Overlord x3  
  39  4:14  Drone  
  39  4:15  Extractor x2, Drone x2  
  39  4:16  Drone  
  41  4:17  Drone  
  41  4:22  Hatchery  
  41  4:38  Extractor  
  41  4:42  Mutalisk x4  
  49  4:46  Drone x3  
  49  4:47  Drone x3  
  49  4:51  Zerg Flyer Weapons Level 1  
  55  4:54  Mutalisk, Overlord  
  55  4:58  Drone  
  58  5:10  Drone  
  56  5:20  Drone x2, Hatchery  
  53  5:24  Drone  
  53  5:25  Drone x2  
  56  5:32  Drone  
  56  5:33  Mutalisk x3  
  63  5:39  Drone  
  58  6:31  Mutalisk x6  
  58  6:32  Mutalisk  
  68  6:35  Drone  
  69  6:41  Infestation Pit  
  68  6:52  Mutalisk  
  70  6:55  Drone x2  
  70  6:58  Drone x3  
  70  7:00  Hatchery, Overlord  
  74  7:05  Mutalisk  
  74  7:06  Mutalisk  
  78  7:11  Drone  
  78  7:12  Queen  
  81  7:17  Hatchery  
  81  7:21  Hatchery  
  81  7:22  Hive  
  73  7:43  Mutalisk x2  
  75  7:44  Drone  
  75  7:45  Drone x2  
  78  7:51  Extractor  
  78  7:53  Extractor  
  78  7:56  Drone  
  78  7:58  Mutalisk  
  77  7:59  Mutalisk  
  81  8:13  Mutalisk  
  81  8:15  Mutalisk  
  81  8:16  Overlord x6  
  81  8:17  Overlord x2  
  81  8:18  Drone x3  
  86  8:44  Mutalisk x4  
  86  8:46  Drone x6  
  86  8:47  Drone x3  
  103  8:49  Extractor  
  103  8:54  Queen  
  104  8:56  Drone x3  
  101  9:26  Mutalisk x3  
  101  9:27  Mutalisk x3  
  101  9:28  Drone x3  
  101  9:29  Drone x8  
  101  9:30  Drone x2  
  126  9:33  Greater Spire  
  126  9:36  Extractor  
  126  9:38  Drone  
  122  10:02  Spine Crawler  
  122  10:03  Spine Crawler  
  122  10:04  Spine Crawler  
  122  10:05  Corruptor x5  
  122  10:06  Corruptor  
  131  10:07  Drone x5  
  131  10:08  Drone x7  
  143  10:14  Extractor  
  143  10:15  Extractor  
  143  10:16  Spine Crawler  
  138  10:37  Viper x3  
  138  10:42  Drone x6  
  153  10:43  Drone x7  
  153  10:47  Extractor  
  159  10:50  Queen  
  155  11:11  Corruptor x3  
  155  11:12  Corruptor  
  159  11:35  Corruptor x2  
  159  11:37  Drone  
  159  11:39  Overlord x4  
  141  12:10  Spire  
  133  12:30  Zergling x8  
  133  12:31  Zergling x4  
  133  12:33  Drone x8  
  133  12:34  Drone x4  
  144  12:50  Drone, Spire  
  144  12:51  Spine Crawler  
  143  12:59  Hatchery  
  138  13:16  Drone x2  
  140  13:34  Hatchery  
  139  13:47  Hatchery  
  125  13:59  Greater Spire  
  125  14:03  Greater Spire, Corruptor x3  
  125  14:05  Drone x6  
  125  14:06  Drone x3  
  125  14:08  Metabolic Boost  
  139  14:10  Ultralisk Cavern  
  139  14:15  Drone  
  139  14:20  Drone  
  139  14:21  Drone x2  
  123  14:50  Spine Crawler  
  122  14:53  Corruptor x3  
  122  14:57  Drone x7  
  122  14:58  Drone x5  
  140  15:13  Extractor  
  136  15:14  Brood Lord x4  
  136  15:15  Brood Lord x8  
  136  15:16  Corruptor x6  
  136  15:18  Extractor, Drone x3  
  167  15:28  Spore Crawler  
  154  15:29  Spine Crawler, Spore Crawler  
  154  15:30  Corruptor x3  
  154  15:31  Corruptor x2  
  154  15:32  Corruptor x2  
  166  15:38  Overlord  
  112  16:23  Brood Lord x5  
  112  16:25  Corruptor x4  
  120  16:26  Corruptor x4  
  120  16:27  Zergling x2  
  120  16:28  Zergling x4  
  120  16:29  Drone x3  
  150  16:33  Spine Crawler  
  150  16:34  Spine Crawler  
  148  16:42  Spine Crawler  
  148  16:43  Spine Crawler  
Show
View Real Time Build Order
Export as new Build Order

Massa Terran 

Build Orders: 2 Factory 

Get SALT Encoding   

  12  0:00  SCV  
  13  0:12  SCV  
  14  0:20  Supply Depot  
  14  0:24  SCV  
  15  0:42  SCV  
  16  0:43  Barracks  
  16  0:47  Refinery  
  16  0:54  SCV  
  16  0:56  Refinery  
  17  1:06  SCV  
  18  1:18  SCV  
  19  1:30  SCV  
  19  1:31  Barracks  
  20  1:33  Reaper  
  20  1:39  Bunker  
  21  1:46  SCV  
  22  1:52  Supply Depot  
  22  2:02  Orbital Command  
  22  2:20  Barracks Reactor  
  22  2:22  Supply Depot  
  22  2:36  Factory  
  22  2:42  Barracks Tech Lab  
  22  2:55  Factory  
  22  3:01  Marine x3  
  25  3:27  Hellion  
  25  3:28  Hellion, Command Center  
  25  3:30  SCV  
  30  3:35  Barracks Tech Lab  
  29  3:53  Hellion x2, Supply Depot  
  29  3:54  Hellion  
  35  4:02  Barracks Reactor  
  35  4:11  SCV  
  35  4:14  Hellion  
  38  4:19  Hellion  
  40  4:24  Infernal Pre-Igniter  
  42  4:31  Hellion  
  42  4:36  Hellion  
  44  4:52  Widow Mine  
  48  4:53  Widow Mine, Marauder  
  48  4:54  Marine  
  48  4:56  SCV  
  42  5:30  Widow Mine x2  
  42  5:31  Widow Mine, SCV  
  42  5:33  Orbital Command  
  49  5:38  Command Center  
  49  5:43  SCV  
  50  5:54  Widow Mine x2  
  50  5:55  Siege Tank  
  59  5:57  Marauder  
  59  5:58  Marine  
  59  6:00  Marine  
  61  6:04  SCV  
  62  6:18  Supply Depot  
  62  6:40  SCV x2, Marine x3  
  67  6:48  Starport  
  67  6:51  Engineering Bay  
  67  6:52  SCV  
  68  6:57  SCV, Marine x2  
  68  6:58  Marauder  
  73  7:04  SCV  
  73  7:06  Siege Tank  
  73  7:08  Widow Mine  
  79  7:09  SCV  
  79  7:11  Barracks  
  79  7:15  Marine x2  
  80  7:16  SCV  
  80  7:17  Barracks  
  80  7:19  Marauder  
  85  7:26  Supply Depot  
  85  7:32  Supply Depot  
  85  7:36  Orbital Command  
  85  7:44  Stimpack  
  85  7:47  SCV x2, Marine x2, Medivac  
  85  7:48  Marauder  
  93  7:54  Widow Mine x2  
  97  7:59  SCV x2  
  97  8:02  Barracks Tech Lab  
  99  8:08  Supply Depot  
  99  8:09  Supply Depot  
  99  8:11  SCV  
  99  8:12  Supply Depot  
  100  8:14  Terran Infantry Armor Level 1  
  100  8:18  Refinery  
  100  8:19  Refinery  
  100  8:20  SCV  
  101  8:27  Missile Turret  
  101  8:29  SCV x2, Missile Turret, Siege Tank  
  101  8:33  Ghost Academy  
  106  8:36  SCV  
  107  8:41  SCV x2  
  107  8:43  Widow Mine x2  
  107  8:48  SCV  
  114  8:53  SCV x2  
  116  9:00  SCV  
  116  9:01  Siege Tank  
  116  9:02  Command Center  
  120  9:05  SCV  
  121  9:10  Widow Mine x2  
  125  9:28  Supply Depot, Personal Cloaking  
  125  9:31  Supply Depot  
  125  9:32  Supply Depot  
  125  9:33  Supply Depot  
  125  9:34  Supply Depot  
  125  9:50  SCV x3, Siege Tank  
  125  9:51  Marauder x2  
  133  9:53  Barracks Tech Lab, Marine x2  
  135  10:02  SCV x2, Concussive Shells  
  135  10:06  Combat Shield  
  137  10:10  SCV  
  137  10:13  Marauder x2  
  142  10:14  SCV x2  
  142  10:15  Refinery  
  142  10:16  Refinery  
  144  10:21  Terran Infantry Weapons Level 1  
  144  10:22  SCV, Siege Tank  
  144  10:25  Engineering Bay  
  144  10:26  SCV  
  147  10:31  Armory  
  147  10:34  Marauder x2  
  151  10:38  Marauder, Marine  
  154  10:55  Marauder  
  154  11:02  Medivac  
  145  11:15  Siege Tank  
  134  11:29  Marauder  
  134  11:30  Marauder x2, Marine x2  
  134  11:38  Starport Reactor  
  132  11:45  Command Center x2  
  132  11:47  Barracks, Siege Tank  
  132  11:48  Barracks, Marine  
  132  11:51  Terran Infantry Armor Level 2, Marauder x3  
  132  11:53  Factory  
  142  11:58  Marine  
  140  12:12  Marauder x2  
  140  12:13  Marauder  
  146  12:29  Marine  
  146  12:34  Marauder x3  
  153  12:55  Marauder x3  
  157  13:12  SCV x2  
  156  13:17  Barracks Tech Lab  
  156  13:18  Barracks Reactor, Factory Tech Lab  
  150  13:25  Medivac x2  
  149  13:28  Siege Tank  
  149  13:29  Widow Mine  
  149  13:30  Widow Mine  
  138  13:51  Widow Mine  
  138  13:55  Marauder, Medivac x2  
  115  13:58  Marauder x3  
  115  14:00  Marine x3, Siege Tank  
  115  14:01  Marine  
  115  14:02  Siege Tank  
  114  14:17  Marauder  
  114  14:18  Marine x3  
  114  14:19  Marauder x2, Marine  
  114  14:20  Marauder  
  128  14:31  Widow Mine x2  
  128  14:32  Siege Tank  
  128  14:34  Siege Tank  
  128  14:36  Marine  
  137  14:38  Marauder  
  137  14:40  Marauder  
  137  14:41  Marauder x2  
  143  14:52  Widow Mine  
  145  14:55  Marine x2  
  145  14:56  Marine x2  
  145  14:59  Medivac  
  153  15:00  Marauder  
  153  15:02  Marauder x3  
  153  15:04  Siege Tank  
  162  15:13  Marine x3  
  162  15:14  Marine  
  168  15:21  Marauder  
  168  15:22  Thor  
  168  15:23  Refinery, Marauder x2  
  168  15:24  Marauder  
  168  15:25  Refinery  
  180  15:31  Marine x4  
  130  15:42  Marauder  
  130  15:45  Marauder x3  
  126  15:55  Marine  
  109  16:02  Siege Tank  
  109  16:04  Marauder  
  97  16:06  Marauder x2  
  87  16:18  Widow Mine x2  
  85  16:20  Marine  
  85  16:21  Marine  
  85  16:25  SCV, Marauder  
  81  16:27  Marauder  
  81  16:28  Marauder  
Tags
 
Add a new tag
Caveats
  • Supply blocks, unpowered buildings, or Contaminate may cause inaccurate times.
  • Supply counts are checked every 10 seconds.